 Dungeon Sprint DCSS version 0.29-a0-802-g34511f41fd (webtiles) character file.

Game seed: 8662062648337683827

434 mhtbhm the Fetichist (level 6, 0/30 HPs)
             Began as a Spriggan Artificer on July 3, 2022.
             Was an Initiate of Gozag.
             Slain by a slime creature (12 damage)
             ... in the Dungeon (Sprint I: "Red Sonja").
             The game lasted 00:03:13 (418 turns).

mhtbhm the Fetichist (Spriggan Artificer)            Turns: 418, Time: 00:03:14

Health: 0/30       AC:  2    Str:  8    XL:     6   Next: 68%
Magic:  7/7        EV: 24    Int: 13    God:    Gozag
Gold:   314        SH:  0    Dex: 17    Spells: 5/5 levels left

rFire   . . .      SeeInvis +   a - +0 club
rCold   . . .      Faith    .   (no shield)
rNeg    . . .      Spirit   .   b - +0 robe
rPois   .          Reflect  .   (helmet restricted)
rElec   .          Harm     .   (no cloak)
rCorr   .          Rampage  .   (gloves unavailable)
Will    +....      NoTele   +   (boots unavailable)
Stlth   +++.......              (no amulet)
HPRegen 0.10/turn               (no ring)
MPRegen 0.10/turn               (no ring)

@: very quick
A: very small, no large weapons, unfitting armour, see invisible, speed 3
a: Renounce Religion, Potion Petition, Call Merchant, Bribe Branch


You were in the Dungeon.
You worshipped Gozag.
Gozag was aware of your devotion.
You visited 1 branch You collected 314 gold pieces.

Inventory:

Hand Weapons
 a - a +0 club (weapon)
Armour
 b - a +0 robe (worn)
Wands
 c - a wand of flame (20) (quivered)
 d - a wand of charming (15)
 e - a wand of iceblast (13)
Scrolls
 k - a scroll of blinking
Potions
 f - a potion of curing
 g - a potion of heal wounds
 h - a potion of haste
 i - 2 potions of magic
 j - a potion of degeneration {unknown}


   Skills:
 + Level 1.5 Fighting
 * Level 1.4 Maces & Flails
 + Level 10.7 Dodging
 + Level 3.4 Stealth
 + Level 15.2 Evocations


You had 5 spell levels left.
You didn't know any spells.
Your spell library was empty.

Dungeon Overview and Level Annotations

Branches:
Dungeon (1/1)

Altars:
Cheibriados
Dithmenos
Elyvilon
Fedhas
Gozag
Hepliaklqana
Kikubaaqudgha
Makhleb
Nemelex Xobeh
Okawaru
Qazlal
Ru
Sif Muna
Trog
Uskayaw
Vehumet
Wu Jian
Xom
Yredelemnul
Zin
The Shining One
Jiyva
Lugonu

Shops:
D :


Innate Abilities, Weirdness & Mutations

You are very small and have problems with some larger weapons.
You are too small for most types of armour.
You have supernaturally acute eyesight. (SInv)
You cover ground extremely quickly. (Speed+++)


Message History

a +2 vampiric scythe; a +0 robe
There is an open door here.
There is an open door here.
There is a shimmering blue altar of Sif Muna here.
There is an open door here.
You see here 6 stones.
There is an open door here.
There is a shimmering blue altar of Sif Muna here.
There is an open door here.
Found a sparkling altar of Nemelex Xobeh.
There is a blossoming altar of Fedhas here.
There is a hide-covered altar of Uskayaw here.
There is a hazy altar of Hepliaklqana here.
There is a hide-covered altar of Uskayaw here.
There is a hazy altar of Hepliaklqana here.
There is a hide-covered altar of Uskayaw here.
There is an entrance to Lygoib's Book Emporium here.
There is a bloodstained altar of Trog here.
There is an iron altar of Okawaru here.
There is a sacrificial altar of Ru here.
There is a snail-covered altar of Cheibriados here.
There is an opulent altar of Gozag here.
You kneel at the altar of Gozag.
Gozag welcomes you!
Gozag waives the service fee.
There is a sparkling altar of Nemelex Xobeh here.
There is a hazy altar of Hepliaklqana here.
There is an open door here.
There is a shimmering blue altar of Sif Muna here.
There is an open door here.
You open the door.
A slime creature comes into view.
Found four altars.
There is an open door here.
The helpless slime creature fails to defend itself.
You hit the slime creature.
The slime creature is lightly wounded.
The slime creature hits you!
You die...
Your body crumbles into a pile of gold.

###################
#<.#.[').#..'..#__#$$
$ $$
#..'..#..').#..'@J+$$
$ #..#####'#####'#__#
$
#..####..#...#.####$
$ #..#__####..##.# $$
#..#_____##'#_.+
#⌠⌠#_.∩...'..._# $$
####_..__##_.#'#
$$#_____###+#(# $
####### ### $ $


You could see a slime creature.

Vanquished Creatures
  Sigmund (D)
  A yak (D)
  An ogre (D)
  A jelly (D)
  Ijyb (D)
5 creatures vanquished.

Notes
Turn   | Place    | Note
-------+----------+-------------------------------------------
     0 | D        | mhtbhm the Spriggan Artificer began the quest for the Orb.
     0 | D        | Reached XP level 1. HP: 9/9 MP: 2/2
     2 | D        | Noticed Ijyb
    20 | D        | Killed Ijyb
    21 | D        | Reached skill level 5 in Dodging
    21 | D        | Reached skill level 7 in Evocations
    21 | D        | Reached XP level 2. HP: 5/14 MP: 3/3
   231 | D        | Noticed an ogre
   233 | D        | Killed an ogre
   234 | D        | Reached skill level 1 in Fighting
   234 | D        | Reached skill level 10 in Evocations
   234 | D        | Reached XP level 3. HP: 18/18 MP: 4/4
   234 | D        | Reached XP level 4. HP: 22/22 MP: 5/5
   247 | D        | Noticed Sigmund
   248 | D        | Killed Sigmund
   249 | D        | Reached skill level 1 in Maces & Flails
   249 | D        | Reached skill level 13 in Evocations
   249 | D        | Reached XP level 5. HP: 25/25 MP: 6/6
   249 | D        | Reached XP level 6. HP: 30/30 MP: 7/7
   264 | D        | Found an ornate altar of the Wu Jian Council.
   264 | D        | Found a shimmering blue altar of Sif Muna.
   266 | D        | Found a radiant altar of Vehumet.
   302 | D        | Found Lygoib's Book Emporium.
   302 | D        | Found an ancient bone altar of Kikubaaqudgha.
   302 | D        | Found a hazy altar of Hepliaklqana.
   302 | D        | Found a stormy altar of Qazlal.
   302 | D        | Found a hide-covered altar of Uskayaw.
   302 | D        | Found a blossoming altar of Fedhas.
   302 | D        | Found a bloodstained altar of Trog.
   302 | D        | Found an iron altar of Okawaru.
   302 | D        | Found a basalt altar of Yredelemnul.
   302 | D        | Found a glowing golden altar of the Shining One.
   302 | D        | Found a snail-covered altar of Cheibriados.
   302 | D        | Found a sacrificial altar of Ru.
   302 | D        | Found a glowing silver altar of Zin.
   302 | D        | Found a shadowy altar of Dithmenos.
   302 | D        | Found a white marble altar of Elyvilon.
   302 | D        | Noticed a yak
   303 | D        | Found an opulent altar of Gozag.
   335 | D        | Killed a yak
   336 | D        | Reached skill level 10 in Dodging
   336 | D        | Reached skill level 15 in Evocations
   381 | D        | Found a sparkling altar of Nemelex Xobeh.
   400 | D        | Became a worshipper of Gozag Ym Sagoz the Greedy
   415 | D        | Found a burning altar of Makhleb.
   415 | D        | Found a viscous altar of Jiyva.
   415 | D        | Found a shimmering altar of Xom.
   415 | D        | Found a corrupted altar of Lugonu.
   415 | D        | Noticed a slime creature
   418 | D        | Slain by a slime creature

Illustrated notes

Levels and vault maps discovered:
D:        dungeon_sprint_1 [red_sonja_temple_1, red_sonja_temple_small_1]

Skill      XL: |  1  2  3  4  5  6 |
---------------+-------------------+-----
Dodging        | 5 7 9 10 | 10.7
Evocations     | 7 10 13 15 | 15.2
Fighting       | 1 |  1.5
Stealth        | 2 3 |  3.4
Maces & Flails | 1 |  1.4

Action                   |  1- 3 |  4- 6 || total
-------------------------+-------+-------++-------
Melee: Club              |    15 |     8 ||    23
Evoke: Wand              |     2 |     9 ||    11
  Use: Potion            |     1 |       ||     1
 Stab: Sleeping          |       |     2 ||     2
Dodge: Dodged            |    10 |     7 ||    17

Table legend: (Time is in decaauts)
 A = Elapsed time spent in this place.
 B = Non-inter-level travel time spent in this place.
 C = Inter-level travel time spent in this place.
 D = Time resting spent in this place.
 E = Time spent auto-exploring this place.
 F = Levels seen in this place.
 G = Mean time per level.
                   A        B        C        D        E       F      G
               +--------+--------+--------+--------+--------+-----+--------+
         Total |    372 |    372 |      0 |    220 |      0 |   1 |  372.0 |
       Dungeon |    372 |    372 |      0 |    220 |      0 |   1 |  372.0 |
               +--------+--------+--------+--------+--------+-----+--------+

Top non-repeatable levels by time:
       D: 372 daAuts
